 Dungeon Sprint DCSS version 0.31-a0-844-gdc52ec4e09 (webtiles) character file.

Game seed: 14573744961484512137

3983 sircluck the Grappler (level 10, -2/115 HPs)
             Began as a Troll Berserker on Sept 29, 2023.
             Was the Champion of Trog.
             Slain by a blink frog (11 damage)
             ... in the Dungeon (Sprint VII: "The Pits").
             The game lasted 00:03:00 (1265 turns).

sircluck the Grappler (Troll Berserker)             Turns: 1265, Time: 00:03:01

Health: -2/115     AC:  8    Str: 31    XL:     10   Next: 2%
Magic:  9/9        EV: 14    Int:  3    God:    Trog [******]
Gold:   0          SH:  0    Dex: 12    Spells: 9/9 levels left

rFire   . .          .
                       - Unarmed
rCold   . . .        (no shield)
rNeg    . . .        a - +0 animal skin
rPois   .            (helmet restricted)
rElec   .            o - +0 cloak
rCorr   .            (gloves unavailable)
SInv    .            (boots unavailable)
Will    .....        (no amulet)
Stlth   +            k - +3 ring of dexterity
HPRegen 1.19/turn    l - +3 ring of protection
MPRegen 0.11/turn

%: no teleportation
@: no status effects
A: large, unfitting armour, claws 3, regeneration 1, shaggy fur 1, tough skin 1
a: Renounce Religion, Berserk, Trog's Hand, Brothers in Arms


You were in the Dungeon.
You worshipped Trog.
Trog was exalted by your worship.
You visited 1 branch

Inventory:

Armour
 a - a +0 animal skin (worn)
 o - a +0 cloak (worn)
Jewellery
 k - a +3 ring of dexterity (left claw)
 l - a +3 ring of protection (right claw)
Scrolls
 g - a scroll of blinking
 i - 2 scrolls of vulnerability
 j - a scroll of butterflies
Potions
 b - 6 potions of curing
 c - 10 potions of heal wounds
 d - a potion of haste
 e - 4 potions of magic
 f - 3 potions of berserk rage
 h - 2 potions of invisibility
 m - a potion of might
 n - a potion of mutation


   Skills:
 + Level 11.9 Fighting
 + Level 11.8 Dodging
 + Level 13.8 Unarmed Combat


You had 9 spell levels left.
You didn't know any spells.
Your spell library was empty.

Dungeon Overview and Level Annotations

Branches:
Dungeon (1/1)

Altars:
Ashenzari
Cheibriados
Dithmenos
Elyvilon
Fedhas
Gozag
Hepliaklqana
Kikubaaqudgha
Makhleb
Nemelex Xobeh
Okawaru
Qazlal
Ru
Sif Muna
Trog
Uskayaw
Vehumet
Wu Jian
Xom
Yredelemnul
Zin
The Shining One
Jiyva
Lugonu


Innate Abilities, Weirdness & Mutations

You are too large for most types of armour.
You have claws for hands.
Your natural rate of healing is unusually fast.
You are covered in fur. (AC +1)
You have tough skin. (AC +1)


Message History

The wolf spider is heavily wounded.
You feel extremely sick. The wolf spider misses you. The wolf spider bites you!
You scratch the wolf spider.
The wolf spider is severely wounded.
You feel extremely sick.
The blink frog blinks!
The wolf spider hits you. The wolf spider bites you!
You are lethally poisoned!
The wolf spider poisons you!
You claw the wolf spider!
The wolf spider is severely wounded.
* * * LOW HITPOINT WARNING * * *
You feel extremely sick. The wolf spider closely misses you.
The wolf spider bites you.
* * * LOW HITPOINT WARNING * * *
You are more poisoned.
The wolf spider poisons you!
Unknown command.
You feel better.
The wolf spider misses you. x2; The wolf spider hits you!
* * * LOW HITPOINT WARNING * * *
The wolf spider bites you.
* * * LOW HITPOINT WARNING * * *
You claw the wolf spider!
The wolf spider is almost dead.
The blink frog blinks!
The wolf spider hits you.
* * * LOW HITPOINT WARNING * * *
The wolf spider barely misses you.
The blink frog blinks!
You closely miss the wolf spider.
You claw the wolf spider, but do no damage.
The wolf spider is almost dead.
The wolf spider hits you!
* * * LOW HITPOINT WARNING * * *
The wolf spider bites you.
* * * LOW HITPOINT WARNING * * *
Unknown command.
Unknown command.
You feel better.
The blink frog blinks!
The wolf spider hits you!
* * * LOW HITPOINT WARNING * * *
The wolf spider closely misses you. The blink frog hits you!
You die...

.............#
...#..#......#
.............+
.............+
...#..#......#
.............#
'#####''######
....##''##############
....##......#...@s§..#
....##....###).F###...#
<...##...##.F...+
##.....#
....##..##..##+##
#F..## ....##..#..##
...# ....##.)#..# ...#
######.÷÷..+ ..+
######..#..# ..#
..[[##..#..#


You could see a wolf spider and 2 blink frogs.

Vanquished Creatures
  A molten gargoyle (D)
  A cane toad (D)
  A smoke demon (D)
  A guardian mummy (D)
  A merfolk (D)
  A blink frog (D)
  A wandering mushroom (D)
  6 dream sheep (D)
  A water elemental (D)
  A redback (D)
  An ogre (D)
  A centaur (D)
  Blork the orc (D)
  4 scorpions (D)
  5 wights (D)
  A quasit (D)
  An iron imp (D)
  A gnoll bouda (D)
  An orc priest (D)
  An iguana (D)
  An orc wizard (D)
  3 gnolls (D)
  2 river rats (D)
  2 ufetubi (D)
  2 orcs (D)
  2 endoplasms (D)
  A frilled lizard (D)
45 creatures vanquished.

Vanquished Creatures (others)
  An orc wizard (D)
1 creature vanquished.

Grand Total: 46 creatures vanquished

Notes
Turn   | Place    | Note
-------+----------+-------------------------------------------
     0 | D        | sircluck the Troll Berserker began the quest for the Orb.
     0 | D        | Reached XP level 1. HP: 22/22 MP: 0/0
    11 | D        | Noticed a scorpion
    17 | D        | Killed a scorpion
    18 | D        | Reached skill level 5 in Unarmed Combat
    18 | D        | Reached XP level 2. HP: 29/32 MP: 1/1
    18 | D        | Reached XP level 3. HP: 36/39 MP: 2/2
    24 | D        | Found a bloodstained altar of Trog.
    24 | D        | Found a shimmering blue altar of Sif Muna.
    24 | D        | Found a viscous altar of Jiyva.
    24 | D        | Found a hazy altar of Hepliaklqana.
    24 | D        | Found an opulent altar of Gozag.
    25 | D        | Found a glowing golden altar of the Shining One.
    25 | D        | Found a glowing silver altar of Zin.
    25 | D        | Found a basalt altar of Yredelemnul.
    25 | D        | Found a shimmering altar of Xom.
    25 | D        | Found an ornate altar of the Wu Jian Council.
    25 | D        | Found a sacrificial altar of Ru.
    25 | D        | Found a stormy altar of Qazlal.
    25 | D        | Found an iron altar of Okawaru.
    25 | D        | Found a sparkling altar of Nemelex Xobeh.
    25 | D        | Found a burning altar of Makhleb.
    25 | D        | Found a blossoming altar of Fedhas.
    25 | D        | Found a white marble altar of Elyvilon.
    25 | D        | Found a shadowy altar of Dithmenos.
    25 | D        | Found a snail-covered altar of Cheibriados.
    29 | D        | Found a corrupted altar of Lugonu.
    29 | D        | Found a radiant altar of Vehumet.
    30 | D        | Found a broken altar of Ashenzari.
    30 | D        | Found an ancient bone altar of Kikubaaqudgha.
    30 | D        | Found a hide-covered altar of Uskayaw.
    72 | D        | Reached ** piety under Trog
    73 | D        | Reached XP level 4. HP: 43/49 MP: 3/3
    86 | D        | Noticed a scorpion
    98 | D        | Killed a scorpion
    99 | D        | Reached skill level 5 in Fighting
    99 | D        | Reached skill level 5 in Dodging
    99 | D        | Reached skill level 6 in Unarmed Combat
   104 | D        | Reached XP level 5. HP: 9/57 MP: 4/4
   176 | D        | HP: 1/57 [ufetubus (2)]
   183 | D        | Reached *** piety under Trog
   184 | D        | Reached skill level 7 in Unarmed Combat
   237 | D        | Noticed an ogre
   237 | D        | Noticed a merfolk
   249 | D        | Killed an ogre
   250 | D        | Reached XP level 6. HP: 68/68 MP: 5/5
   253 | D        | Killed a merfolk
   253 | D        | Reached **** piety under Trog
   254 | D        | Reached skill level 9 in Unarmed Combat
   397 | D        | Noticed a cane toad
   398 | D        | Noticed a wandering mushroom
   400 | D        | Killed a cane toad
   401 | D        | Reached skill level 10 in Unarmed Combat
   401 | D        | Reached XP level 7. HP: 81/81 MP: 6/6
   407 | D        | Killed a wandering mushroom
   496 | D        | Noticed Blork the orc
   509 | D        | Reached XP level 8. HP: 92/92 MP: 7/7
   515 | D        | Killed Blork the orc
   515 | D        | Reached ***** piety under Trog
   546 | D        | Reached skill level 11 in Unarmed Combat
   554 | D        | Identified the +5 glaive of Wrongful Imprisonment {flame,
                  | rC+} (Trog gifted it to you in the Dungeon)
   554 | D        | Received a gift from Trog
   572 | D        | Received a gift from Trog
   645 | D        | Noticed a smoke demon
   656 | D        | Killed a smoke demon
   657 | D        | Reached skill level 10 in Fighting
   701 | D        | Reached skill level 10 in Dodging
   731 | D        | Noticed a molten gargoyle
   737 | D        | Reached skill level 12 in Unarmed Combat
   741 | D        | Killed a molten gargoyle
   742 | D        | Reached XP level 9. HP: 31/102 MP: 8/8
   847 | D        | Noticed a guardian mummy
   850 | D        | Reached ****** piety under Trog
   850 | D        | Received a gift from Trog
   856 | D        | Killed a guardian mummy
   857 | D        | Reached skill level 13 in Unarmed Combat
   864 | D        | Received a gift from Trog
  1248 | D        | Noticed a wolf spider
  1249 | D        | Reached XP level 10. HP: 101/115 MP: 9/9
  1265 | D        | Slain by a blink frog

Illustrated notes

Levels and vault maps discovered:
D:        pitsprint [storerooms_1, entrance_room_1, metal_vault_6, armoury_2,
          mini_pit_1, grid_room_1, main_hall_1, silver_pit, the_coven_3,
          the_vestibule_1, steel_vault_4, golden_pit, hallway_of_sentries,
          crystal_vault_3, iron_vault_2, final_vault]

Skill      XL: |  1  2  3  4  5  6  7  8  9 |
---------------+----------------------------+-----
Fighting       | 4 5 6 8 9 10 11 | 11.9
Dodging        | 4 5 6 8 10 11 | 11.8
Unarmed Combat | 5 6 7 10 12 13 | 13.8

Action                     |  1- 3 |  4- 6 |  7- 9 | 10-12 || total
---------------------------+-------+-------+-------+-------++-------
  Melee: Unarmed           |     9 |    42 |    99 |    14 ||   164
         Punch             |       |     3 |     1 |     1 ||     5
 Invoke: Berserk           |       |     2 |       |       ||     2
    Use: Potion            |       |     1 |     1 |     2 ||     4
 Armour: Animal skin       |     3 |    50 |    52 |    19 ||   124
  Dodge: Dodged            |     7 |    41 |    45 |    10 ||   103

Table legend: (Time is in decaauts)
 A = Elapsed time spent in this place.
 B = Non-inter-level travel time spent in this place.
 C = Inter-level travel time spent in this place.
 D = Time resting spent in this place.
 E = Time spent auto-exploring this place.
 F = Levels seen in this place.
 G = Mean time per level.
                   A        B        C        D        E       F      G
               +--------+--------+--------+--------+--------+-----+--------+
         Total |   1251 |   1172 |     79 |    577 |    159 |   1 | 1251.0 |
       Dungeon |   1251 |   1172 |     79 |    577 |    159 |   1 | 1251.0 |
               +--------+--------+--------+--------+--------+-----+--------+

Top non-repeatable levels by time:
       D: 1251 daAuts
